 Dungeon Crawl Stone Soup version 0.19.5 (webtiles) character file.

545 galech the Cudgeler (level 7, -1/72 HPs)
             Began as an Ogre Fighter on Mar 5, 2017.
             Slain by a hound (5 damage)
             ... on level 3 of the Dungeon on Mar 6, 2017.
             The game lasted 00:07:03 (4145 turns).

galech the Cudgeler (Ogre Fighter)                  Turns: 4145, Time: 00:07:04

Health: -1/72      AC:  4    Str: 24    XL:     7   Next: 27%
Magic:  7/7        EV:  9    Int:  7    God:
Gold:   216        SH:  9    Dex:  9    Spells: 0 memorised, 6 levels left

rFire  . . .     SeeInvis .     a - +0 flail
rCold  . . .     Gourm    .     b - +0 robe
rNeg   . . .     Faith    .     c - +0 shield
rPois  .         Spirit   .     (helmet restricted)
rElec  .         Reflect  .     g - +0 cloak
rCorr  .         Harm     .     (gloves unavailable)
MR     .....                    (boots unavailable)
Stlth  +.........               (no amulet)
                                (no ring)
                                (no ring)

@: no status effects
A: unfitting armour, tough skin 1
a: no special abilities


You were on level 3 of the Dungeon.
You were not hungry.

You visited 1 branch of the dungeon, and saw 4 of its levels.

You collected 216 gold pieces.

Inventory:

Hand Weapons
 a - a +0 flail (weapon)
Armour
 b - a +0 robe (worn)
 c - a +0 shield (worn)
 g - a +0 cloak (worn)
Rods
 p - a +0 rod of shadows (10/10)
   (You found it on level 3 of the Dungeon)
Wands
 n - a wand of slowing (12/48)
Scrolls
 d - a scroll of teleportation {unknown}
 h - 3 scrolls of amnesia {unknown}
 i - a scroll of blinking {unknown}
 j - 4 scrolls of identify {unknown}
 l - a scroll of recharging {unknown}
 m - 2 scrolls of fog {unknown}
 t - a scroll of immolation {unknown}
Potions
 e - a potion of invisibility {unknown}
 k - a potion of degeneration {unknown}
 o - a potion of brilliance {unknown}
 q - a potion of heal wounds {unknown}
 r - a potion of agility
 s - a potion of flight {unknown}
Comestibles
 f - 2 bread rations
 u - 3 chunks of flesh


   Skills:
 + Level 5.5 Fighting
 + Level 6.4 Maces & Flails
 + Level 4.3 Dodging
 + Level 0.5 Stealth
 + Level 4.1 Shields


You had 6 spell levels left.
You didn't know any spells.

Dungeon Overview and Level Annotations

Branches:
Dungeon (4/15)
 Temple: D:4-7

Altars:

Annotations:
D:4 Pikel


Innate Abilities, Weirdness & Mutations

You are too large for most types of armour.
You have tough skin. (AC +1)


Message History

The hound barely misses you. The hound bites you.
* * * LOW HITPOINT WARNING * * *
There is a stone staircase leading up here.
The hound bites you.
* * * LOW HITPOINT WARNING * * *
You climb upwards.
There is a stone staircase leading down here.
You barely miss the hound. The hound bites you but does no damage.
You block the hound's attack.
You sock the hound!
The hound is severely wounded.
You block the hound's attack. The hound barely misses you.
You closely miss the hound.
The hound is severely wounded.
The hound bites you but does no damage.
Your shield prevents you from hitting the hound.
The hound is severely wounded.
The hound bites you.
You die...

###..#.#####.##..#####....## #
##...##.# ###.###..# #..[..### #
...#..#.# #...# ##.#####......# #
...##.#.# #.### #..)####.....#
..###...# #.# ###).).#.....#
..#####.###.## ####.#.....##
..##.........# #....#..<.##
.............#########.#.....#...
..##....(.....(h@......####......
..##....>........#######.).......
..####(###.#####..##.....###..###
...........# ###.#..####......#
...........####.....#####.##.#.##
>...............#.(.......##.#..#
.........)....#####..####.##.....
............#.####..## #......##
...................## ###....#


You could see a hound.

Vanquished Creatures
  A scorpion (D:4)
  A howler monkey (D:3)
  3 orc priests (D:3)
  Terence (D:3)
  3 worker ants
  Ijyb (D:3)
  3 orc wizards (D:3)
  2 gnolls
  7 adders
  An ooze (D:1)
  An adder skeleton (D:4)
  2 worms
  5 dart slugs
  2 leopard geckos
  7 orcs
  A ball python (D:1)
  3 giant cockroaches
  9 goblins
  9 hobgoblins
  8 kobolds
  A quokka (D:4)
  7 bats
  6 frilled lizards
  9 rats
93 creatures vanquished.

Notes
Turn   | Place    | Note
-------+----------+-------------------------------------------
     0 | D:1      | galech the Ogre Fighter began the quest for the Orb.
     0 | D:1      | Reached XP level 1. HP: 24/24 MP: 1/1
    33 | D:1      | Reached XP level 2. HP: 19/32 MP: 2/2
   193 | D:1      | Reached skill level 3 in Maces & Flails
   443 | D:1      | Reached XP level 3. HP: 25/39 MP: 3/3
  1116 | D:2      | Reached XP level 4. HP: 14/48 MP: 4/4
  1522 | D:2      | Reached skill level 4 in Maces & Flails
  1630 | D:2      | Found a faded altar of an unknown god.
  1659 | D:2      | You fall through a shaft!
  1660 | D:3      | Noticed Ijyb
  1676 | D:3      | Killed Ijyb
  1677 | D:3      | Reached XP level 5. HP: 37/55 MP: 5/5
  1846 | D:3      | Reached skill level 5 in Maces & Flails
  2298 | D:2      | Reached XP level 6. HP: 34/65 MP: 6/6
  2881 | D:3      | Reached skill level 5 in Fighting
  2915 | D:3      | Noticed Terence
  3004 | D:3      | Killed Terence
  3224 | D:3      | HP: 2/66 [orc priest/divine providence (10)]
  3232 | D:3      | HP: 3/66 [orc priest/club (6)]
  3723 | D:4      | Reached skill level 6 in Maces & Flails
  3723 | D:4      | Reached XP level 7. HP: 58/72 MP: 7/7
  4122 | D:4      | Noticed Pikel
  4140 | D:4      | HP: 3/72 [hound (3)]
  4145 | D:3      | Slain by a hound

Skill      XL: |  1  2  3  4  5  6 |
---------------+-------------------+-----
Dodging        | 3 4 |  4.3
Maces & Flails | 3 4 5 6 |  6.4
Shields        | 3 4 |  4.1
Fighting       | 5 |  5.5
Stealth        | |  0.5

Action                   |  1- 3 |  4- 6 |  7- 9 || total
-------------------------+-------+-------+-------++-------
Melee: Flail             |    94 |   207 |    73 ||   374
  Use: Potion            |     2 |     4 |       ||     6
  Eat: Chunk             |       |     9 |     2 ||    11
Armor: Robe              |    26 |    45 |    10 ||    81
Dodge: Dodged            |    32 |   108 |    31 ||   171
Block: Shield            |    51 |   114 |    30 ||   195
